 Dungeon Crawl Stone Soup version 0.23.0 (webtiles) character file.

Game seed: 7106775113544802010

138 inmateoo the Sneak (level 5, -1/55 HPs)
             Began as a Gnoll Wanderer on Feb 12, 2019.
             Slain by a worker ant (5 damage)
             ... on level 2 of the Dungeon.
             The game lasted 00:04:45 (2810 turns).

inmateoo the Sneak (Gnoll Wanderer)                 Turns: 2810, Time: 00:04:46

Health: -1/55      AC: 29    Str: 14    XL:     5   Next: 21%
Magic:  7/7        EV:  2    Int: 17    God:
Gold:   150        SH:  0    Dex: 13    Spells: 3/6 levels left

rFire    . . .     SeeInvis .   n - +1 flail (protect)
rCold    . . .     Gourm    .   (no shield)
rNeg     + + +     Faith    .   (armour currently unavailable)
rPois    +         Spirit   .   (helmet currently unavailable)
rElec    .         Reflect  .   (cloak currently unavailable)
rCorr    .         Harm     .   (gloves currently unavailable)
MR       .....     NoTele   +   (boots currently unavailable)
Stlth    +++.......             (no amulet)
HPRegen  0.18/turn              (no ring)
MPRegen  0.10/turn              (no ring)

@: tree-form, protection aura
A: distributed training, strong nose
a: no special abilities


You were on level 2 of the Dungeon.
You were hungry.
You were a tree.
You visited 1 branch of the dungeon, and saw 3 of its levels.

You collected 150 gold pieces.

Inventory:

Hand Weapons
 c - a +0 rapier
 e - a +0 dagger
 n - a +1 flail of protection (weapon)
Missiles
 p - 5 tomahawks (quivered)
Armour
 d - a +0 robe
 g - a +0 pair of boots (melded)
 j - a cursed +0 ring mail (melded)
Scrolls
 a - 2 scrolls of remove curse {unknown}
 b - 2 scrolls of teleportation {unknown}
 h - 4 scrolls of identify {unknown}
 k - 2 scrolls of magic mapping {unknown}
 l - a scroll of enchant weapon {unknown}
 m - a scroll of amnesia {unknown}
Potions
 i - a potion of lignification
Comestibles
 f - 3 rations


   Skills:
 + Level 1.4 Fighting
 + Level 4.7 Short Blades
 + Level 1.4 Long Blades
 + Level 1.4 Axes
 + Level 1.4 Maces & Flails
 + Level 1.4 Polearms
 + Level 1.4 Staves
 + Level 1.4 Slings
 + Level 1.4 Bows
 + Level 1.4 Crossbows
 + Level 1.4 Throwing
 + Level 1.4 Armour
 + Level 2.9 Dodging
 + Level 6.1 Stealth
 + Level 1.4 Shields
 + Level 1.4 Unarmed Combat
 + Level 1.4 Spellcasting
 + Level 1.1 Conjurations
 + Level 1.1 Hexes
 + Level 1.1 Charms
 + Level 1.1 Summonings
 + Level 1.1 Necromancy
 + Level 1.1 Translocations
 + Level 1.1 Transmutations
 + Level 1.1 Fire Magic
 + Level 1.1 Ice Magic
 + Level 5.5 Air Magic
 + Level 1.1 Earth Magic
 + Level 1.1 Poison Magic
 + Level 1.5 Invocations
 + Level 2.9 Evocations


You had 3 spell levels left.
You knew the following spells:

 Your Spells              Type           Power        Failure   Level  Hunger
a - Shock                 Conj/Air       ##..         5%          1    ##.....
b - Swiftness             Chrm/Air       ##......     8%          2    ###....

Your spell library contained the following spells:

 Spells                   Type           Power        Failure   Level  Hunger
 Static Discharge         Conj/Air       ##......     16%         3    ####...
 Airstrike                Air            ###.......   22%         4    #####..
 Lightning Bolt           Conj/Air       ##........   82%         5    ######.


Dungeon Overview and Level Annotations

Branches:
Dungeon (3/15)

Altars:
Ashenzari
Kikubaaqudgha

Annotations:
D:2 Terence


Innate Abilities, Weirdness & Mutations

Your experience applies equally to all skills.
((You have very sharp teeth.))
Your uncanny sense of smell can sniff out nearby items.


Message History

It was a potion of lignification.
You turn into a tree.
Your +0 pair of boots melds into your body.
Your cursed +0 ring mail melds into your body.
Your roots penetrate the ground.
The worker ant bites you but does no damage.
You hit the worker ant.
The worker ant is moderately wounded.
The worker ant bites you but does no damage. x2
Unknown command.
You hit the worker ant.
The worker ant is heavily wounded.
The worker ant bites you but does no damage. x2
You closely miss the worker ant.
The worker ant is heavily wounded.
The worker ant bites you but does no damage.
You hit the worker ant.
The worker ant is severely wounded.
The worker ant bites you but does no damage.
The worker ant bites you.
You die...

#....######...........## #.
####.## #.......)....# #. ###
#>.#####............# #. ..#
#####.....÷).......^...# #(
#.####........###..........## #(
#......######..###........## ##
#.###### ##..#####....#### #
#..## ##.#####.......##### #...##
#)♣a....####....... ..#..###
####..### #####.## .###...# #..#
#.(.# ## ###.#
#######..#########(#.#
######.#####...##....<..##).)(#..
...[.#...#.....##.#####.##(#####.
...#..##.#.....##.# ##.#..# #.
##.............##.####....## #.
#######....####.........## #.


You could see a worker ant.

Vanquished Creatures
  A hound skeleton (D:2)
  2 adders (D:2)
  3 gnolls
  3 oozes
  A dart slug (D:2)
  3 leopard geckos (D:1)
  3 orcs
  3 bats
  2 bat zombies (D:2)
  2 giant cockroaches
  5 goblins
  3 hobgoblins (D:1)
  7 jackals (D:2)
  4 frilled lizards
  9 kobolds
  7 rats
58 creatures vanquished.

Notes
Turn   | Place    | Note
-------+----------+-------------------------------------------
     0 | D:1      | inmateoo the Gnoll Wanderer began the quest for the Orb.
     0 | D:1      | inmateoo set off with the following items: a +0 short
                  | sword, a potion of curing, a +0 robe, a +0 dagger, a
                  | ration; and the following spell memorised: Shock; and the
                  | following spells available to memorise: Swiftness, Static
                  | Discharge, Airstrike, Lightning Bolt
     0 | D:1      | Reached XP level 1. HP: 13/13 MP: 2/2
    75 | D:1      | Reached XP level 2. HP: 5/19 MP: 1/3
   859 | D:1      | Reached XP level 3. HP: 25/25 MP: 4/4
   993 | D:2      | Reached skill level 6 in Stealth
  1068 | D:2      | Reached skill level 1 in Invocations
  1069 | D:2      | Noticed Terence
  1267 | D:2      | Reached skill level 1 in Fighting
  1267 | D:2      | Reached skill level 1 in Long Blades
  1267 | D:2      | Reached skill level 1 in Axes
  1267 | D:2      | Reached skill level 1 in Maces & Flails
  1267 | D:2      | Reached skill level 1 in Polearms
  1267 | D:2      | Reached skill level 1 in Staves
  1267 | D:2      | Reached skill level 1 in Slings
  1267 | D:2      | Reached skill level 1 in Bows
  1267 | D:2      | Reached skill level 1 in Crossbows
  1267 | D:2      | Reached skill level 1 in Throwing
  1267 | D:2      | Reached skill level 1 in Armour
  1267 | D:2      | Reached skill level 1 in Shields
  1267 | D:2      | Reached skill level 1 in Unarmed Combat
  1267 | D:2      | Reached skill level 1 in Spellcasting
  1312 | D:2      | Found a shattered altar of Ashenzari.
  1326 | D:2      | Reached XP level 4. HP: 27/32 MP: 6/6
  1432 | D:2      | Found an ancient bone altar of Kikubaaqudgha.
  1438 | D:2      | Learned a level 2 spell: Swiftness
  1657 | D:2      | Reached skill level 1 in Conjurations
  1657 | D:2      | Reached skill level 1 in Hexes
  1657 | D:2      | Reached skill level 1 in Charms
  1657 | D:2      | Reached skill level 1 in Summonings
  1657 | D:2      | Reached skill level 1 in Necromancy
  1657 | D:2      | Reached skill level 1 in Translocations
  1657 | D:2      | Reached skill level 1 in Transmutations
  1657 | D:2      | Reached skill level 1 in Fire Magic
  1657 | D:2      | Reached skill level 1 in Ice Magic
  1657 | D:2      | Reached skill level 1 in Earth Magic
  1657 | D:2      | Reached skill level 1 in Poison Magic
  2409 | D:3      | Reached XP level 5. HP: 27/37 MP: 7/7
  2810 | D:2      | Slain by a worker ant

Skill      XL: |  1  2  3  4 |
---------------+-------------+-----
Stealth        | 6 |  6.1
Invocations    | 1 |  1.5
Fighting       | 1 |  1.4
Long Blades    | 1 |  1.4
Axes           | 1 |  1.4
Maces & Flails | 1 |  1.4
Polearms       | 1 |  1.4
Staves         | 1 |  1.4
Slings         | 1 |  1.4
Bows           | 1 |  1.4
Crossbows      | 1 |  1.4
Throwing       | 1 |  1.4
Armour         | 1 |  1.4
Shields        | 1 |  1.4
Unarmed Combat | 1 |  1.4
Spellcasting   | 1 |  1.4
Conjurations   | 1 |  1.1
Hexes          | 1 |  1.1
Charms         | 1 |  1.1
Summonings     | 1 |  1.1
Necromancy     | 1 |  1.1
Translocations | 1 |  1.1
Transmutations | 1 |  1.1
Fire Magic     | 1 |  1.1
Ice Magic      | 1 |  1.1
Earth Magic    | 1 |  1.1
Poison Magic   | 1 |  1.1
Short Blades   | |  4.7
Dodging        | |  2.9
Air Magic      | |  5.5
Evocations     | |  2.9

Action                   |  1- 3 |  4- 6 || total
-------------------------+-------+-------++-------
Melee: Short sword       |    77 |    28 ||   105
       Bite              |     8 |     7 ||    15
       Rapier            |       |    38 ||    38
       Flail             |       |    32 ||    32
 Cast: Shock             |     8 |     8 ||    16
  Use: Potion            |     1 |     1 ||     2
 Stab: Sleeping          |     5 |     2 ||     7
  Eat: Chunk             |     1 |     5 ||     6
Armor: Robe              |     3 |       ||     3
       Ring mail         |    22 |    68 ||    90
       Skin              |       |     7 ||     7
Dodge: Dodged            |    41 |   103 ||   144
